TOP OF THE 1ST |
Seattle Pikes batting - Pitching for Springfield Stars : LHP Joaquín Gonzáles
|
Pitching: LHP Joaquín Gonzáles
|
|
Batting: LHB Chad Weaver
|
0-0: Ball 1-0: Ball 2-0: Called Strike 2-1: Ball 3-1: Foul Ball, location: 2F 3-2: Strikes out looking
|
Batting: LHB Robinson Fernández
|
0-0: Ground out 4-3 (Groundball, 4)
|
Batting: RHB Dave Morgan
|
0-0: Foul Ball, location: 2F 0-1: Foul Ball, location: 2F 0-2: Ball 1-2: Ball 2-2: Foul Ball, location: 2F 2-2: Ball 3-2: Foul Ball, location: 2F 3-2: Strikes out swinging
|
Top of the 1st over - 0 run(s), 0 hit(s), 0 error(s), 0 left on base; Seattle 0 - Springfield 0 |
BOTTOM OF THE 1ST |
Springfield Stars batting - Pitching for Seattle Pikes : LHP David Hill
|
Pitching: LHP David Hill
|
|
Batting: RHB Juan Rodríguez
|
0-0: Called Strike 0-1: Fly out, F5 (Line Drive, 56)
|
Batting: LHB Felipe Guerrero
|
0-0: Ball 1-0: Foul Ball, location: 2F 1-1: Swinging Strike 1-2: Strikes out swinging
|
Batting: RHB Calvin Bennett
|
0-0: Foul Ball, location: 2F 0-1: Foul Ball, location: 2F 0-2: Ball 1-2: Ball 2-2: Strikes out swinging
|
Bottom of the 1st over - 0 run(s), 0 hit(s), 0 error(s), 0 left on base; Seattle 0 - Springfield 0 |
TOP OF THE 2ND |
Seattle Pikes batting - Pitching for Springfield Stars : LHP Joaquín Gonzáles
|
Batting: RHB Manuel Rico
|
0-0: Fly out, F7 (Popup, 7S)
|
Batting: RHB Lorenzo Ayala
|
0-0: Called Strike 0-1: Called Strike 0-2: Strikes out swinging
|
Batting: RHB Wallace Greene
|
0-0: Ball 1-0: Foul Ball, location: 2F 1-1: SINGLE (Line Drive, 4D)
|
Batting: RHB Rafael Rincón
|
0-0: Ball 1-0: Foul Ball, location: 2F 1-1: Ball 2-1: Ball 3-1: Base on Balls Wallace Greene to second
|
Batting: SHB Jong-min Kim
|
0-0: Ball 1-0: Foul Ball, location: 2F 1-1: Foul Ball, location: 2F 1-2: Fielders Choice at 2nd, 5-4 (Groundball, 56)
|
Top of the 2nd over - 0 run(s), 1 hit(s), 0 error(s), 1 left on base; Seattle 0 - Springfield 0 |
BOTTOM OF THE 2ND |
Springfield Stars batting - Pitching for Seattle Pikes : LHP David Hill
|
Batting: LHB Derek Davidson
|
0-0: Called Strike 0-1: Ball 1-1: Called Strike 1-2: Ball 2-2: Ground out 6-3 (Groundball, 6M)
|
Batting: LHB César Valentín
|
0-0: Ball 1-0: Fly out, F4 (Line Drive, 4)
|
Batting: LHB Ryan Drake
|
0-0: SINGLE (Groundball, 34S)
|
Batting: RHB Will Sterling
|
0-0: SINGLE (Groundball, 34) Ryan Drake to second Runner from 2nd tries for 3rd, SAFE, no throw or cutoff
|
Batting: RHB José Pinto
|
0-0: Ball 1-0: TRIPLE (Flyball, 89M) Ryan Drake scores Will Sterling scores
|
Batting: LHB Jesús Tobías
|
0-0: Ball 1-0: TRIPLE (Line Drive, 89M) José Pinto scores
|
Batting: RHB Juan Rodríguez
|
0-0: Called Strike 0-1: Called Strike 0-2: Fly out, F8 (Line Drive, 8LM)
|
Bottom of the 2nd over - 3 run(s), 4 hit(s), 0 error(s), 1 left on base; Seattle 0 - Springfield 3 |
TOP OF THE 3RD |
Seattle Pikes batting - Pitching for Springfield Stars : LHP Joaquín Gonzáles
|
Batting: RHB George Howard
|
0-0: Ball 1-0: Ground out 3-1 (Groundball, 34S)
|
Batting: LHB Chad Weaver
|
0-0: Ball 1-0: SINGLE (Groundball, 6MD) (infield hit)
|
Batting: LHB Robinson Fernández
|
0-0: Called Strike 0-1: Foul Ball, location: 2F 0-2: Ball 1-2: Fly out, F8 (Flyball, 8RM)
|
Batting: RHB Dave Morgan
|
0-0: Ball 1-0: Ball 2-0: Ball 3-0: Called Strike 3-1: Base on Balls Chad Weaver to second
|
Batting: RHB Manuel Rico
|
0-0: Ball 1-0: Ground out 5-3 (Groundball, 5L)
|
Top of the 3rd over - 0 run(s), 1 hit(s), 0 error(s), 2 left on base; Seattle 0 - Springfield 3 |
BOTTOM OF THE 3RD |
Springfield Stars batting - Pitching for Seattle Pikes : LHP David Hill
|
Batting: LHB Felipe Guerrero
|
0-0: Ball 1-0: Foul Ball, location: 2F 1-1: Fly out, F6 (Popup, 6)
|
Batting: RHB Calvin Bennett
|
0-0: Ball 1-0: Ball 2-0: Called Strike 2-1: Ball 3-1: Ground out 6-3 (Groundball, 6M)
|
Batting: LHB Derek Davidson
|
0-0: Foul Ball, location: 2F 0-1: SINGLE (Line Drive, 34)
|
Batting: LHB César Valentín
|
0-0: Ball 1-0: Called Strike 1-1: Called Strike 1-2: Ground out 4-3 (Groundball, 34)
|
Bottom of the 3rd over - 0 run(s), 1 hit(s), 0 error(s), 1 left on base; Seattle 0 - Springfield 3 |
TOP OF THE 4TH |
Seattle Pikes batting - Pitching for Springfield Stars : LHP Joaquín Gonzáles
|
Batting: RHB Lorenzo Ayala
|
0-0: Called Strike 0-1: Ball 1-1: Foul Ball, location: 2F 1-2: SINGLE (Line Drive, 7S)
|
Batting: RHB Wallace Greene
|
0-0: Ball 1-0: Ball 2-0: SINGLE (Groundball, 6D) Lorenzo Ayala to second
|
Batting: RHB Rafael Rincón
|
0-0: Ball 1-0: Ball 2-0: Swinging Strike 2-1: Called Strike 2-2: Strikes out swinging
|
Batting: SHB Jong-min Kim
|
0-0: Called Strike 0-1: Called Strike 0-2: Reached on error, E5 (Groundball, 56) Lorenzo Ayala to third Wallace Greene to second
|
Batting: RHB George Howard
|
0-0: Called Strike 0-1: Ball 1-1: Fly out, F8 (Flyball, 78XD) Runner from 3rd tags up, SCORES, no throw Wallace Greene to third
|
Batting: LHB Chad Weaver
|
0-0: Ball 1-0: Ground out 4-3 (Groundball, 4)
|
Top of the 4th over - 1 run(s), 2 hit(s), 1 error(s), 2 left on base; Seattle 1 - Springfield 3 |
BOTTOM OF THE 4TH |
Springfield Stars batting - Pitching for Seattle Pikes : LHP David Hill
|
Batting: LHB Ryan Drake
|
0-0: Swinging Strike 0-1: Foul Ball, location: 2F 0-2: Foul Ball, location: 2F 0-2: Foul Ball, location: 2F 0-2: Ball 1-2: Strikes out looking
|
Batting: RHB Will Sterling
|
0-0: Called Strike 0-1: Foul Ball, location: 2F 0-2: Ball 1-2: Fly out, F4 (Popup, 4D)
|
Batting: RHB José Pinto
|
0-0: Ball 1-0: Ball 2-0: Ball 3-0: Called Strike 3-1: Foul Ball, location: 2F 3-2: Foul Ball, location: 2F 3-2: Foul Ball, location: 2F 3-2: Base on Balls
|
Pitching: RHP Jim Nelson
|
|
Batting: LHB Jesús Tobías
|
0-0: Ball 1-0: Called Strike 1-1: Ball 2-1: Ball 3-1: Called Strike 3-2: Foul Ball, location: 2F 3-2: Ground out 4-3 (Groundball, 4)
|
Bottom of the 4th over - 0 run(s), 0 hit(s), 0 error(s), 1 left on base; Seattle 1 - Springfield 3 |
TOP OF THE 5TH |
Seattle Pikes batting - Pitching for Springfield Stars : LHP Joaquín Gonzáles
|
Batting: LHB Robinson Fernández
|
0-0: Ball 1-0: SINGLE (Groundball, 56D)
|
Batting: RHB Dave Morgan
|
0-0: Fly out, F9 (Flyball, 9D)
|
Batting: RHB Manuel Rico
|
0-0: Ball 1-0: Foul Ball, location: 2F 1-1: Ball 2-1: Called Strike 2-2: Strikes out swinging
|
Batting: RHB Lorenzo Ayala
|
0-0: Ball 1-0: Fielders Choice at 2nd, U6 (Groundball, 6M)
|
Top of the 5th over - 0 run(s), 1 hit(s), 0 error(s), 1 left on base; Seattle 1 - Springfield 3 |
BOTTOM OF THE 5TH |
Springfield Stars batting - Pitching for Seattle Pikes : RHP Jim Nelson
|
Batting: RHB Juan Rodríguez
|
0-0: Ball 1-0: Ball 2-0: SOLO HOME RUN (Flyball, 7D), Distance : 379 ft
|
Batting: LHB Felipe Guerrero
|
0-0: Called Strike 0-1: Called Strike 0-2: Ball 1-2: Strikes out swinging
|
Batting: RHB Calvin Bennett
|
0-0: Called Strike 0-1: Swinging Strike 0-2: Strikes out swinging
|
Batting: LHB Derek Davidson
|
0-0: Called Strike 0-1: DOUBLE (Line Drive, 89XD)
|
Batting: LHB César Valentín
|
0-0: Ground out 6-3 (Groundball, 6)
|
Bottom of the 5th over - 1 run(s), 2 hit(s), 0 error(s), 1 left on base; Seattle 1 - Springfield 4 |
TOP OF THE 6TH |
Seattle Pikes batting - Pitching for Springfield Stars : LHP Joaquín Gonzáles
|
Batting: RHB Wallace Greene
|
0-0: Ground out 6-3 (Groundball, 6M)
|
Batting: RHB Rafael Rincón
|
0-0: Called Strike 0-1: Called Strike 0-2: Strikes out swinging
|
Batting: SHB Jong-min Kim
|
0-0: Called Strike 0-1: Ball 1-1: Fly out, F9 (Line Drive, 9M)
|
Top of the 6th over - 0 run(s), 0 hit(s), 0 error(s), 0 left on base; Seattle 1 - Springfield 4 |
BOTTOM OF THE 6TH |
Springfield Stars batting - Pitching for Seattle Pikes : RHP Jim Nelson
|
Batting: LHB Ryan Drake
|
0-0: Ground out 5-3 (Groundball, 15S)
|
Batting: RHB Will Sterling
|
0-0: Called Strike 0-1: Foul Ball, location: 2F 0-2: Strikes out swinging
|
Batting: RHB José Pinto
|
0-0: Foul Ball, location: 2F 0-1: Ball 1-1: Ball 2-1: Foul Ball, location: 2F 2-2: Strikes out looking
|
Bottom of the 6th over - 0 run(s), 0 hit(s), 0 error(s), 0 left on base; Seattle 1 - Springfield 4 |
TOP OF THE 7TH |
Seattle Pikes batting - Pitching for Springfield Stars : LHP Joaquín Gonzáles
|
Batting: RHB George Howard
|
0-0: Called Strike 0-1: Ball 1-1: Ball 2-1: Foul Ball, location: 2F 2-2: Ball 3-2: Base on Balls
|
Batting: LHB Chad Weaver
|
0-0: Called Strike 0-1: Foul Ball, location: 2F 0-2: Strikes out swinging
|
Batting: LHB Robinson Fernández
|
0-0: Ball 1-0: Fly out, F5 (Popup, 5F)
|
Batting: RHB Dave Morgan
|
0-0: Called Strike 0-1: Called Strike 0-2: Ground out 1-3 (Groundball, 15)
|
Top of the 7th over - 0 run(s), 0 hit(s), 0 error(s), 1 left on base; Seattle 1 - Springfield 4 |
BOTTOM OF THE 7TH |
Springfield Stars batting - Pitching for Seattle Pikes : RHP Jim Nelson
|
Pitching: RHP Gilberto Barrera
|
|
Batting: LHB Jesús Tobías
|
0-0: Called Strike 0-1: Ball 1-1: Foul Ball, location: 2F 1-2: Ball 2-2: Ball 3-2: Foul Ball, location: 2F 3-2: Ground out 3-1 (Groundball, 34)
|
Batting: RHB Juan Rodríguez
|
0-0: Called Strike 0-1: Ball 1-1: SINGLE (Line Drive, 8RS)
|
Batting: LHB Felipe Guerrero
|
0-0: Fielders Choice at 2nd, U4 (Groundball, 4M)
|
Batting: RHB Calvin Bennett
|
0-0: Ground out 6-3 (Groundball, 6)
|
Bottom of the 7th over - 0 run(s), 1 hit(s), 0 error(s), 1 left on base; Seattle 1 - Springfield 4 |
TOP OF THE 8TH |
Seattle Pikes batting - Pitching for Springfield Stars : LHP Joaquín Gonzáles
|
Batting: RHB Manuel Rico
|
0-0: Ground out 6-3 (Groundball, 6)
|
Batting: RHB Lorenzo Ayala
|
0-0: Called Strike 0-1: Ball 1-1: Swinging Strike 1-2: Ground out 4-3 (Groundball, 4M)
|
Batting: RHB Wallace Greene
|
0-0: Ball 1-0: Swinging Strike 1-1: Foul Ball, location: 2F 1-2: Foul Ball, location: 2F 1-2: Ground out 6-3 (Groundball, 6)
|
Top of the 8th over - 0 run(s), 0 hit(s), 0 error(s), 0 left on base; Seattle 1 - Springfield 4 |
BOTTOM OF THE 8TH |
Springfield Stars batting - Pitching for Seattle Pikes : RHP Gilberto Barrera
|
Batting: LHB Derek Davidson
|
0-0: Ball 1-0: Ball 2-0: Foul Ball, location: 2F 2-1: Ball 3-1: Foul Ball, location: 2F 3-2: Foul Ball, location: 2F 3-2: Base on Balls
|
Batting: LHB César Valentín
|
0-0: Ball 1-0: Ball 2-0: Called Strike 2-1: SINGLE (Flyball, 7S) Derek Davidson to second
|
Pitching: LHP Joey Smith
|
|
Batting: LHB Ryan Drake
|
0-0: Ball 1-0: Ball 2-0: SINGLE (Groundball, 4MD) Derek Davidson to third César Valentín to second Runner from 3rd tries for Home, SAFE, no throw or cutoff
|
Pitching: RHP Jesús Mendoza
|
|
Batting: RHB Will Sterling
|
0-0: Bunted foul 0-1: Sac Bunt - play at first, batter OUT! 1-4 César Valentín to third Ryan Drake to second
|
Batting: RHB José Pinto
|
0-0: Called Strike 0-1: Foul Ball, location: 2F 0-2: Strikes out swinging
|
Batting: LHB Jesús Tobías
|
0-0: Called Strike 0-1: Ball 1-1: Swinging Strike 1-2: SINGLE (Line Drive, 34D) César Valentín scores Ryan Drake to third Runner from 3rd tries for Home, SAFE, no throw or cutoff
|
Batting: RHB Juan Rodríguez
|
0-0: Ground out 5-3 (Groundball, 56)
|
Bottom of the 8th over - 3 run(s), 3 hit(s), 0 error(s), 1 left on base; Seattle 1 - Springfield 7 |
TOP OF THE 9TH |
Seattle Pikes batting - Pitching for Springfield Stars : LHP Joaquín Gonzáles
|
Now at SS: David García
|
|
Now in LF: Eduardo Alomar
|
|
Batting: RHB Rafael Rincón
|
0-0: Ball 1-0: Called Strike 1-1: Foul Ball, location: 2F 1-2: Ball 2-2: Ball 3-2: SINGLE (Groundball, 56D)
|
Batting: SHB Jong-min Kim
|
0-0: Ball 1-0: Ball 2-0: Foul Ball, location: 2F 2-1: SINGLE (Flyball, 9LS) Rafael Rincón to second Runner from 2nd tries for 3rd, SAFE, throw made to third
|
Batting: RHB George Howard
|
0-0: Called Strike 0-1: Ball 1-1: Foul Ball, location: 2F 1-2: Strikes out swinging
|
Batting: LHB Chad Weaver
|
0-0: Ball 1-0: Ball 2-0: Ball 3-0: Base on Balls Jong-min Kim to second
|
Pitching: RHP José Orozco
|
|
Batting: LHB Robinson Fernández
|
0-0: Ball 1-0: Foul Ball, location: 2F 1-1: SINGLE (Groundball, 56D) Rafael Rincón scores Jong-min Kim to third Chad Weaver to second Runner from 3rd tries for Home, SAFE, throw made home
|
Batting: RHB Dave Morgan
|
0-0: Fly out, F3 (Popup, 3SF)
|
Batting: RHB Manuel Rico
|
0-0: Ball 1-0: Ground out 4-3 (Groundball, 4)
|
Top of the 9th over - 2 run(s), 3 hit(s), 0 error(s), 2 left on base; Seattle 3 - Springfield 7 |
|